 Dungeon Crawl Stone Soup version 0.31-a0-986-g5e6e4ef867 (webtiles) character file.

Game seed: 800766245748493582

19009 IdlyInterested the Cruncher (level 12, -3/100 HPs)
             Began as a Demonspawn Gladiator on Nov 17, 2023.
             Slain by a large slime creature (36 damage)
             ... on level 13 of the Dungeon on Nov 21, 2023.
             The game lasted 00:43:13 (11526 turns).

IdlyInterested the Cruncher (Demonspawn Gladiator) Turns: 11526, Time: 00:43:13

Health: -3/100     AC: 13    Str: 22    XL:     12   Next: 32%
Magic:  15/15      EV: 19    Int: 16    God:
Gold:   783        SH:  5    Dex: 19    Spells: 15/15 levels left

rFire   + + .        Q - staff of the Shark {rF+ Int+3 SInv Fire}
rCold   . . .        (no shield)
rNeg    . . .        E - +2 troll leather armour
rPois   .            S - +2 helmet of Baurexad {Harm rElec}
rElec   +            T - +0 cloak
rCorr   .            q - +2 pair of gloves
SInv    +            f - +0 pair of boots
Will    .....        G - amulet of the Sharing Queen {Reflect Str+6 SH+5}
Stlth   ++           p - +5 ring of evasion
HPRegen 1.16/turn    O - +4 ring of slaying
MPRegen 0.14/turn

%: harm (+30% outgoing, +20% incoming), reflection
@: no status effects
A: demonic guardian 2, spiny 2, big brain 1, demonic touch 2, agile 1, fire
resistance 1, wild magic 1
a: no special abilities


You were on level 13 of the Dungeon.
You visited 2 branches of the dungeon, and saw 14 of its levels.
You also visited: Sewer and Bailey.

You collected 904 gold pieces.
You spent 121 gold pieces at shops.

Inventory:

Hand Weapons
 a - a +0 quarterstaff of freezing
 I - a +2 antimagic mace
 X - the +6 glaive of Haeddir {flame, rCorr}
   (You found it on level 12 of the Dungeon)

   rCorr:     It protects you from acid and corrosion.
 Z - a +0 heavy quarterstaff
Missiles
 b - 38 poisoned darts
 d - 7 throwing nets
 g - 82 stones (quivered)
 r - 5 boomerangs
 V - 6 curare-tipped darts
Armour
 f - a +0 pair of boots (worn)
 h - a +1 leather armour of cold resistance
 q - a +2 pair of gloves (worn)
 E - a +2 troll leather armour (worn)
 S - the +2 helmet of Baurexad (worn) {Harm rElec}
   (You found it in a bailey)

   rElec:     It insulates you from electricity.
   Harm:      It increases damage dealt and taken.
 T - a +0 cloak (worn)
Magical Staves
 Q - the staff of the Shark (weapon) {rF+ Int+3 SInv Fire}
   (You found it in a bailey)

   [staff of fire]

   Base accuracy: +5 Base damage: 5 Base attack delay: 1.2 This weapon's minimum
   attack delay (0.6) is reached at skill level 12.
   Int+3:     It affects your intelligence (+3).
   rF+:       It protects you from fire.
   SInv:      It lets you see invisible.
   Fire:      It increases the power of your Fire spells.
   It falls into the 'Staves' category.
   It is a one-handed weapon.
Jewellery
 p - a +5 ring of evasion (left hand)
 y - a ring of protection from cold
 G - the amulet of the Sharing Queen (around neck) {Reflect Str+6 SH+5}
   (You found it on level 10 of the Dungeon)

   [amulet of reflection]

   Reflect:   It reflects blocked missile attacks.
   Str+6:     It affects your strength (+6).
   SH+5:      It affects your SH (+5).
 O - a +4 ring of slaying (right hand)
Wands
 j - a wand of flame (31)
 k - a wand of acid (11)
 l - a wand of polymorph (9)
 D - a wand of iceblast (24)
 M - a wand of charming (16)
Scrolls
 n - a scroll of revelation
 x - 2 scrolls of vulnerability
 C - a scroll of brand weapon
 F - 3 scrolls of identify
 J - a scroll of fear
 K - 3 scrolls of blinking
 L - a scroll of amnesia
 N - a scroll of immolation
 R - 2 scrolls of fog
 U - 4 scrolls of enchant weapon
Potions
 c - 5 potions of curing
 i - a potion of attraction
 m - a potion of cancellation
 o - a potion of lignification
 s - a potion of brilliance
 t - a potion of resistance
 v - 2 potions of might
 w - 4 potions of haste
 z - a potion of mutation
 A - a potion of berserk rage
 B - a potion of invisibility
 W - a potion of enlightenment


   Skills:
 + Level 11.4 Fighting
 - Level 12.0 Staves
 - Level 2.0 Throwing
 - Level 2.0 Armour
 - Level 4.0 Dodging
 - Level 2.0 Stealth
 * Level 4.8 Unarmed Combat
 - Level 2.0 Spellcasting
 + Level 5.4 Fire Magic
 - Level 6.0 Evocations
 - Level 2.0 Shapeshifting


You had 15 spell levels left.
You didn't know any spells.
Your spell library contained the following spells:

 Spells                   Type           Power      Damage    Failure   Level
 Hailstorm                Conj/Ice       2%         3d3       65%         3
 Tukima's Dance           Hex            2%         N/A       65%         3
 Dimensional Bullseye     Hex/Tloc       1%         N/A       96%         4
 Iskenderun's Mystic Bla  Conj/Tloc      2%         2d3       96%         4
 Leda's Liquefaction      Hex/Erth       1%         N/A       96%         4
 Summon Ice Beast         Ice/Summ       2%         N/A       96%         4
 Lee's Rapid Deconstruct  Erth           1%         3d4*      100%        5
 Bombard                  Conj/Erth      1%         9d1       100%        6
 Simulacrum               Ice/Necr       1%         N/A       100%        6


Dungeon Overview and Level Annotations

Branches:
Dungeon (13/15)            Temple (1/1) D:5            Lair (0/5) D:11
    Orc (0/2) D:12          Sewer (visited)          Bailey (visited)
 Vaults: D:13-14

Altars:
Ashenzari
Cheibriados
Dithmenos
Fedhas
Gozag
Hepliaklqana
Kikubaaqudgha
Makhleb
Nemelex Xobeh
Okawaru
Qazlal
Ru
Sif Muna
Trog
Uskayaw
Vehumet
Wu Jian
Xom
Yredelemnul

Shops:
D:11 !


Innate Abilities, Weirdness & Mutations

A demonic guardian rushes to your aid.
You are mostly covered in sharp spines.
You have an unusually large brain. (Int +2)
Your touch may inflict irresistible damage on your foes.
You are agile. (Dex +4, Str/Int -1)
Your flesh is heat resistant. (rF+)
Your spells are a little harder to cast, but a little more powerful.


Message History

The slime creature hits you!
* * * LOW HITPOINT WARNING * * *
You feel much better.
The tengu warrior hits you but does no damage.
The tengu warrior pecks you but does no damage.
The tengu warrior claws you but does no damage.
The tengu warrior is struck by your spines.
The tengu warrior closely misses you.
You block the tengu warrior's attack. x2
The slime creature is struck by your spines.
The slime creature closely misses you.
Your soul eater hits the tengu warrior!
The tengu warrior closely misses you. The tengu warrior misses you.
You block the tengu warrior's attack.
Found a stone staircase leading up.
The tengu warrior attacks as it pursues you!
The tengu warrior hits you but does no damage.
You block the tengu warrior's attack.
The tengu warrior claws you but does no damage.
Your soul eater hits the tengu warrior!!
The tengu warrior dies!
Your soul eater closely misses the tengu warrior.
Found 3 scrolls of torment.
The large slime creature jiggles.
Your soul eater closely misses the tengu warrior.
Throw: javelin
Press: ? - help, Shift-Dir - straight line, f - slime creature
Aim: a slime creature (almost dead, 86% to hit)
You throw a javelin.
The javelin pierces through the tengu warrior!
The tengu warrior is heavily wounded.
The javelin pierces through the slime creature!
You kill the slime creature!
The slime creature hits your soul eater!
The tengu warrior is struck by your spines.
The tengu warrior barely misses you. The tengu warrior misses you.
The tengu warrior claws you but does no damage.
You hit the large slime creature!
The large slime creature is lightly wounded.
The large slime creature is struck by your spines.
The large slime creature hits you!!
You die...

............
######.(........
#...............
........<.......
#...............
#......)J.......
###....3........
#....JQ......##
#...##@......#
........####..#
.#......# .##
#......# .
........#
....<....
.........
#...?....


You could see a large slime creature, a slime creature, a tengu warrior (ally
target) and a friendly soul eater (summoned).

Vanquished Creatures
  Jorgrun (D:12)
  6 two-headed ogres
  Sonja (D:12)
  Pikel (D:7)
  A deep elf pyromancer (D:12)
  3 manticores
  Joseph (D:9)
  3 gargoyles
  2 unseen horrors
  A kobold demonologist (D:11)
  2 komodo dragons
  5 trolls
  A slime creature (D:13)
  A basilisk (D:11)
  2 wyverns
  A steam dragon (D:6)
  Eustachio (D:4)
  A wraith (D:9)
  8 yaks (D:10)
  An acid dragon (D:11)
  A warg (D:12)
  A water moccasin (Sewer)
  7 orc warriors
  A black bear (D:4)
  2 ice beasts
  2 sky beasts
  An ogre (D:5)
  6 centaurs
  3 phantoms
  2 lemures (D:7)
  7 kobold brigands
  A bullfrog (D:7)
  2 scorpions
  4 wights (D:6)
  4 killer bees (D:8)
  5 howler monkeys
  2 quasits (D:5)
  2 gnoll boudas
  8 orc priests
  A hound (D:7)
  2 jellies
  Crazy Yiuf (D:5)
  7 iguanas
  16 orc wizards
  16 gnolls
  7 adders
  4 shadow imps (D:5)
  2 white imps (D:5)
  6 ufetubi
  2 worms (D:3)
  54 orcs
  9 ball pythons
  6 bats
  5 endoplasms
  2 giant cockroaches
  10 goblins
  11 hobgoblins
  9 jackals
  2 quokkas
  6 frilled lizards
  29 kobolds
  5 rats
316 creatures vanquished.

Vanquished Creatures (collateral kills)
  A tengu warrior (D:13)
  An orc knight (Bailey)
  An orc warrior (Bailey)
  An orc (Bailey)
  A giant cockroach (D:1)
  A kobold (D:1)
6 creatures vanquished.

Vanquished Creatures (others)
  An arcanist (D:4)
1 creature vanquished.

Grand Total: 323 creatures vanquished

Notes
Turn   | Place    | Note
-------+----------+-------------------------------------------
     0 | D:1      | IdlyInterested the Demonspawn Gladiator began the quest for
                  | the Orb.
     0 | D:1      | Reached XP level 1. HP: 16/16 MP: 1/1
    86 | D:1      | Reached skill level 3 in Staves
   106 | D:1      | Gained mutation: A weak demonic guardian rushes to your
                  | aid. [demonic ancestry]
   106 | D:1      | Reached XP level 2. HP: 23/23 MP: 2/2
   124 | D:1      | Found a faded altar of an unknown god.
   814 | D:2      | Reached XP level 3. HP: 20/28 MP: 3/3
  1429 | D:2      | Reached skill level 1 in Armour
  1460 | D:2      | Gained mutation: You have an unusually large brain. (Int
                  | +2) [demonic ancestry]
  1460 | D:2      | Reached XP level 4. HP: 35/35 MP: 4/4
  1677 | D:3      | Reached skill level 1 in Stealth
  1841 | D:3      | Found a glowing drain.
  1858 | Sewer    | Entered a sewer
  1970 | Sewer    | Noticed a water moccasin
  1987 | Sewer    | Killed a water moccasin
  1988 | Sewer    | Reached skill level 5 in Fighting
  1988 | Sewer    | Reached skill level 1 in Shapeshifting
  1988 | Sewer    | Reached XP level 5. HP: 16/44 MP: 5/5
  2808 | D:4      | Gained mutation: You are partially covered in sharp spines.
                  | [demonic ancestry]
  2808 | D:4      | Reached XP level 6. HP: 37/51 MP: 5/7
  3020 | D:4      | Reached skill level 1 in Spellcasting
  3044 | D:4      | Reached skill level 4 in Staves
  3044 | D:4      | Reached skill level 1 in Evocations
  3046 | D:4      | Reached XP level 7. HP: 32/57 MP: 8/8
  3225 | D:4      | Noticed Eustachio
  3265 | D:4      | Killed Eustachio
  3685 | D:4      | Found a bloodstained altar of Trog.
  3688 | D:4      | Noticed an arcanist
  3693 | D:4      | Killed an arcanist
  3821 | D:5      | Entered Level 5 of the Dungeon
  3845 | D:5      | Reached skill level 5 in Staves
  3853 | D:5      | HP: 2/58 [iguana (7)]
  4084 | D:5      | Gained mutation: You are mostly covered in sharp spines.
                  | [demonic ancestry]
  4084 | D:5      | Reached XP level 8. HP: 52/65 MP: 9/9
  4346 | D:5      | Found a staircase to the Ecumenical Temple.
  4363 | D:5      | Found a stormy altar of Qazlal.
  4711 | D:5      | Found a runed translucent door.
  4712 | D:5      | Noticed Crazy Yiuf
  4780 | D:5      | Killed Crazy Yiuf
  4844 | Temple   | Entered the Ecumenical Temple
  4920 | D:6      | Reached skill level 6 in Staves
  4921 | D:6      | You fall into a shaft and drop 2 floors!
  5381 | D:6      | Reached skill level 7 in Staves
  5490 | D:6      | Found a hide-covered altar of Uskayaw.
  5519 | D:6      | Gained mutation: Your touch may inflict minor irresistible
                  | damage on your foes. [demonic ancestry]
  5519 | D:6      | Reached XP level 9. HP: 72/72 MP: 11/11
  5564 | D:6      | Found a sacrificial altar of Ru.
  5831 | D:6      | Found a burning altar of Makhleb.
  5869 | D:7      | Found a shadowy altar of Dithmenos.
  6135 | D:7      | Killed an unseen horror
  6136 | D:7      | Reached skill level 1 in Unarmed Combat
  6219 | D:7      | Noticed Pikel
  6229 | D:7      | Reached skill level 8 in Staves
  6234 | D:7      | Killed Pikel
  6609 | D:8      | Noticed a two-headed ogre
  6617 | D:8      | Killed a two-headed ogre
  6618 | D:8      | Reached skill level 9 in Staves
  6643 | D:8      | Gained mutation: Your touch may inflict irresistible damage
                  | on your foes. [demonic ancestry]
  6643 | D:8      | Reached XP level 10. HP: 70/82 MP: 13/13
  6671 | D:8      | Gained mutation: Your spells are a little harder to cast,
                  | but a little more powerful. [potion of mutation]
  6671 | D:8      | Gained mutation: You are agile. (Dex +4, Str/Int -1)
                  | [potion of mutation]
  6671 | D:8      | Gained mutation: Your flesh is heat resistant. (rF+)
                  | [potion of mutation]
  6807 | D:8      | Noticed a two-headed ogre
  6819 | D:8      | HP: 1/82 [two-headed ogre/+0 giant club (12)]
  6821 | D:8      | Killed a two-headed ogre
  6999 | D:8      | Reached skill level 10 in Staves
  7420 | D:8      | Noticed a two-headed ogre
  7429 | D:8      | Killed a two-headed ogre
  7498 | D:9      | Noticed Joseph
  7516 | D:9      | Killed Joseph
  8036 | D:9      | Found a snail-covered altar of Cheibriados.
  8149 | D:10     | Entered Level 10 of the Dungeon
  8168 | D:10     | Found a flagged portal.
  8181 | Bailey   | Entered a bailey
  8285 | Bailey   | Noticed an orc knight
  8334 | Bailey   | Killed an orc knight
  8455 | Bailey   | Identified the staff of the Shark {rF+ Int+3 SInv Fire}
  8457 | Bailey   | Identified the +2 helmet of Baurexad {Harm rElec}
  8548 | D:10     | Reached skill level 11 in Staves
  8548 | D:10     | Reached XP level 11. HP: 90/90 MP: 14/14
  8556 | D:10     | Noticed a two-headed ogre
  8566 | D:10     | Killed a two-headed ogre
  8667 | D:10     | Found a broken altar of Ashenzari.
  8692 | D:10     | Reached skill level 1 in Fire Magic
  8753 | D:10     | Identified the amulet of the Sharing Queen {Reflect Str+6
                  | SH+5}
  8838 | D:10     | Noticed a two-headed ogre
  8844 | D:10     | Killed a two-headed ogre
  8845 | D:10     | Reached skill level 10 in Fighting
  9407 | D:11     | Noticed a two-headed ogre
  9418 | D:11     | Killed a two-headed ogre
  9548 | D:11     | Found a staircase to the Lair.
  9634 | D:11     | Reached skill level 12 in Staves
  9744 | D:11     | Found Cafrarhi's Distillery.
  9856 | D:11     | Reached skill level 5 in Evocations
 10088 | D:11     | Bought a potion of enlightenment for 55 gold pieces
 10088 | D:11     | Bought a potion of curing for 33 gold pieces
 10088 | D:11     | Bought a potion of curing for 33 gold pieces
 10380 | D:12     | Found a staircase to the Orcish Mines.
 10439 | D:12     | Noticed Sonja
 10445 | D:12     | Killed Sonja
 10446 | D:12     | Gained mutation: A demonic guardian rushes to your aid.
                  | [demonic ancestry]
 10446 | D:12     | Reached XP level 12. HP: 33/100 MP: 15/15
 10577 | D:12     | Identified the +6 glaive of Haeddir {flame, rCorr}
 10751 | D:12     | Noticed Jorgrun
 10770 | D:12     | Killed Jorgrun
 10771 | D:12     | Reached skill level 5 in Fire Magic
 11508 | D:13     | Noticed a tengu warrior
 11508 | D:13     | Noticed a tengu warrior
 11519 | D:13     | HP: 4/100 [slime creature (13)]
 11522 | D:13     | Killed a tengu warrior
 11526 | D:13     | Slain by a large slime creature

Illustrated notes

Levels and vault maps discovered:
D:1:      minmay_arrival_up_and_down, layout_rooms,
          hellmonk_ecumenical_altar_zigzags, minivault_25, bh_walls_and_bars
D:2:      minmay_diamond_boxcup, layout_loops_ring
D:3:      layout_basic, cheibrodos_sewer_entry_bend
D:4:      layout_loops_corners, trog_wizard, uniq_eustachio
D:5:      layout_loops_cross, grunt_qazlal_clouds,
          minmay_temple_entry_proselytizer, serial_demonic, serial_demonic_g,
          serial_demonic_f, serial_demonic_d, serial_demonic_f,
          serial_demonic_c, uniq_crazy_yiuf_cottage
D:6:      layout_basic, lemuel_round_altar, mainiacjoe_overflow_swirl
D:7:      layout_loops_ring, nicolae_dithmenos_the_darkroom, minmay_microvault,
          uniq_pikel
D:8:      layout_basic, chequers_serial_rivers_large_a
D:9:      layout_rooms, lemuel_round_altar, nicolae_sextant,
          minmay_fountain_box, uniq_joseph
D:10:     layout_roguey, mainiacjoe_overflow_concentric_impassable,
          enter_bailey_2
D:11:     layout_loops_ring, david_lair_shrubbed, serial_shops,
          nicolae_shop_tiny_waterfront, serial_park_tiny_1
D:12:     layout_irregular_city, erik_orc_4, uniq_sonja, uniq_jorgrun
D:13:     layout_cave_pools
Temple:   nicolae_temple_great_sept

Skill      XL: |  1  2  3  4  5  6  7  8  9 10 11 12 |
---------------+-------------------------------------+-----
Staves         | 3 4 5 7 9 11 12 | 12.0
Throwing       | 2 |  2.0
Dodging        | 3 4 |  4.0
Fighting       | 3 5 6 7 8 9 11 | 11.4
Armour         | 1 2 |  2.0
Stealth        | 1 2 |  2.0
Shapeshifting  | 1 2 |  2.0
Spellcasting   | 1 2 |  2.0
Evocations     | 1 2 4 5 6 |  6.0
Unarmed Combat | 2 4 |  4.8
Fire Magic     | 4 5 |  5.4

Action                     |  1- 3 |  4- 6 |  7- 9 | 10-12 || total
---------------------------+-------+-------+-------+-------++-------
  Melee: Quarterstaff      |   121 |   111 |   238 |   110 ||   580
         Spear             |       |       |       |     4 ||     4
         Staff             |       |       |       |   249 ||   249
         Touch             |       |       |       |    67 ||    67
         Punch             |       |       |       |    10 ||    10
  Throw: Stone             |       |    11 |    15 |    17 ||    43
         Throwing net      |       |     2 |       |       ||     2
         Dart              |       |       |     7 |     8 ||    15
         Javelin           |       |       |       |     1 ||     1
  Evoke: Wand              |       |       |     1 |     3 ||     4
    Use: Scroll            |       |     9 |    11 |     5 ||    25
         Potion            |       |     4 |     3 |     2 ||     9
   Stab: Sleeping          |     1 |     3 |     5 |     5 ||    14
         Distracted        |       |       |     1 |       ||     1
 Armour: Leather armour    |    69 |    69 |    53 |       ||   191
         Troll leather arm |       |       |    67 |   145 ||   212
  Dodge: Dodged            |    86 |    80 |   174 |   252 ||   592
  Block: Other             |       |       |       |    45 ||    45

Table legend: (Time is in decaauts)
 A = Elapsed time spent in this place.
 B = Non-inter-level travel time spent in this place.
 C = Inter-level travel time spent in this place.
 D = Time resting spent in this place.
 E = Time spent auto-exploring this place.
 F = Levels seen in this place.
 G = Mean time per level.
                   A        B        C        D        E       F      G
               +--------+--------+--------+--------+--------+-----+--------+
         Total |  11488 |   9986 |   1502 |   1028 |   6020 |  16 |  718.0 |
       Dungeon |  10805 |   9314 |   1491 |    884 |   5951 |  13 |  831.2 |
        Temple |     54 |     44 |     10 |      0 |      0 |   1 |   54.0 |
         Sewer |    298 |    298 |      0 |    142 |     39 |   1 |  298.0 |
        Bailey |    328 |    328 |      0 |      2 |     30 |   1 |  328.0 |
               +--------+--------+--------+--------+--------+-----+--------+

Top non-repeatable levels by time:
     D:5: 1231 daAuts
     D:4: 1163 daAuts
     D:6: 986 daAuts
     D:8: 955 daAuts
    D:12: 890 daAuts
     D:2: 837 daAuts
    D:11: 834 daAuts
     D:7: 827 daAuts
     D:1: 811 daAuts
    D:10: 780 daAuts
     D:3: 764 daAuts
     D:9: 708 daAuts
  Bailey: 328 daAuts
   Sewer: 298 daAuts
  Temple: 54 daAuts
